 Dungeon Crawl Stone Soup version 0.22-a0-49-g614aadd (webtiles) character file.

2179 gmonis the Basher (level 9, -6/71 HPs)
             Began as a Minotaur Berserker on Jan 8, 2018.
             Was an Elder of Trog.
             Mangled by an ice beast (12 damage)
             ... on level 7 of the Dungeon.
             The game lasted 00:07:40 (7740 turns).

gmonis the Basher (Minotaur Berserker)              Turns: 7740, Time: 00:07:41

Health: -6/71      AC: 12    Str: 25    XL:     9   Next: 11%
Magic:  8/8        EV:  7    Int:  4    God:    Trog [****..]
Gold:   460        SH:  0    Dex: 10    Spells: 8/8 levels left

rFire    . . .     SeeInvis .   a - +0 mace
rCold    . . .     Gourm    .   (no shield)
rNeg     . . .     Faith    .   s - +0 plate armour
rPois    .         Spirit   .   (helmet restricted)
rElec    +         Reflect  .   (no cloak)
rCorr    .         Harm     .   t - +0 pair of gloves of Darkness {rElec}
MR       ++...                  (no boots)
Stlth    ..........             (no amulet)
HPRegen  1.21/turn              (no ring)
MPRegen  0.11/turn              (no ring)

@: regenerating
A: retaliatory headbutt, horns 2
a: Berserk, Trog's Hand, Brothers in Arms, Burn Spellbooks, Renounce Religion


You were on level 7 of the Dungeon.
You worshipped Trog.
Trog was greatly pleased with you.
You were not hungry.

You visited 2 branches of the dungeon, and saw 9 of its levels.

You collected 460 gold pieces.

Inventory:

Hand Weapons
 a - a +0 mace (weapon)
Missiles
 h - 295 stones (quivered)
Armour
 b - a +0 animal skin
 s - a +0 plate armour (worn)
 t - the +0 pair of gloves of Darkness (worn) {rElec}
   (You found it on level 4 of the Dungeon)

   It insulates you from electricity.
Jewellery
 n - an uncursed ring of flight {unknown}
Wands
 y - a wand of acid (5)
 z - a wand of paralysis (9)
Scrolls
 d - 8 scrolls of teleportation {unknown}
 e - a scroll of remove curse {unknown}
 f - 6 scrolls of identify {unknown}
 i - 2 scrolls of blinking {unknown}
 k - a scroll of immolation {unknown}
 l - 3 scrolls of amnesia {unknown}
 m - 2 scrolls of enchant armour {unknown}
 p - 3 scrolls of fog {unknown}
 r - 2 scrolls of random uselessness {unknown}
 x - a scroll of magic mapping {unknown}
 A - a scroll of fear {unknown}
Potions
 g - 2 potions of might {unknown}
 j - 3 potions of brilliance {unknown}
 o - 2 potions of curing {unknown}
 q - 6 potions of heal wounds {unknown}
 u - a potion of ambrosia {unknown}
 v - 2 potions of haste {unknown}
 w - 2 potions of agility {unknown}
 B - a potion of flight {unknown}
Comestibles
 c - 15 rations


   Skills:
 + Level 4.0 Fighting
 - Level 14.0 Maces & Flails
 + Level 2.8 Armour
 + Level 2.3 Dodging


You had 8 spell levels left.
You didn't know any spells.

Dungeon Overview and Level Annotations

Branches:
Dungeon (8/15)             Temple (1/1) D:7
   Lair: D:8-11

Altars:
Ashenzari
Cheibriados
Dithmenos
Elyvilon
Fedhas
Gozag
Hepliaklqana
Kikubaaqudgha
Makhleb
Nemelex Xobeh
Okawaru
Qazlal
Ru
Sif Muna
Trog
Uskayaw
Vehumet
Wu Jian
Xom
Yredelemnul
Zin
The Shining One

Shops:
D:5 (   D:6 (

Annotations:
D:8 Pikel


Innate Abilities, Weirdness & Mutations

You reflexively headbutt those who attack you in melee.
You have a pair of horns on your head.


Message History

The orc completely misses you. You furiously retaliate!
You headbutt the orc.
The two-headed ogre hits you with a giant spiked club.
* * * LOW HITPOINT WARNING * * *
The two-headed ogre hits you but does no damage.
The ice beast hits you but does no damage.
The gnoll hits you.
* * * LOW HITPOINT WARNING * * *
Your skin crawls.
You feel resistant to hostile enchantments.
You feel somewhat more hungry. The orc hits you but does no damage.
The ice beast barely misses you. The two-headed ogre barely misses you.
You furiously retaliate!
You headbutt the two-headed ogre.
The two-headed ogre hits you with a giant club.
* * * LOW HITPOINT WARNING * * *
The gnoll hits you but does no damage.
You fail to use your ability.
The orc hits you but does no damage. The ice beast hits you.
* * * LOW HITPOINT WARNING * * *
The ice beast freezes you!
You die...

##..####........## #....
###...# ##.......# #....
......## ##.>....# #....
.##....## ###....# #....
.###....# ##...## #....
..###...## #....# ##.... ..#
#....## #....## #.....
..####....## ##go..### #.....
#..# ##....#####@.....#
##.###. #..##
#.....#...YO....# ##.## ##
#...# ##..............####..#
#
#...####........###........##
##...##...####### ##.......#
..........# #......##
..........# #....).#
..........# #......#
##........# ##....<.#


You could see a two-headed ogre, an ice beast, a gnoll and an orc.

Vanquished Creatures
  The ghost of gmonis the Basher, an amateur MiBe of Trog (D:5)
  A hippogriff (D:7)
  The ghost of gmonis the Cudgeler, an amateur MiBe of Trog (D:3)
  A hungry ghost (D:7)
  An orc warrior (D:6)
  A sky beast (D:7)
  A phantom (D:4)
  A centaur (D:7)
  2 scorpions (D:4)
  A howler monkey (D:6)
  5 wights (D:6)
  A crimson imp (D:6)
  A centaur zombie (D:4)
  A centaur skeleton (D:5)
  2 orc priests
  3 hounds (D:4)
  6 orc wizards
  An iguana (D:6)
  Natasha (D:2)
  2 worker ants (D:5)
  2 hound skeletons (D:4)
  14 adders
  4 gnolls (D:7)
  A howler monkey skeleton (D:7)
  2 oozes
  An adder zombie (D:7)
  2 adder skeletons (D:4)
  A worm (D:2)
  5 dart slugs
  A leopard gecko (D:3)
  18 orcs
  2 ball pythons
  6 giant cockroaches
  7 goblins
  8 hobgoblins
  10 jackals
  13 kobolds
  4 quokkas
  8 bats
  A frilled lizard (D:1)
  A giant cockroach zombie (D:6)
  2 jackal skeletons
  2 quokka skeletons
  A quokka zombie (D:5)
  8 rats
158 creatures vanquished.

Vanquished Creatures (others)
  A worker ant (D:4)
  A plant (D:3)
2 creatures vanquished.

Grand Total: 160 creatures vanquished

Notes
Turn   | Place    | Note
-------+----------+-------------------------------------------
     0 | D:1      | gmonis the Minotaur Berserker began the quest for the Orb.
     0 | D:1      | Reached XP level 1. HP: 19/19 MP: 0/0
   563 | D:1      | Reached skill level 4 in Maces & Flails
   563 | D:1      | Reached XP level 2. HP: 27/27 MP: 1/1
   925 | D:2      | Found a snail-covered altar of Cheibriados.
   979 | D:2      | Reached skill level 5 in Maces & Flails
   979 | D:2      | Reached XP level 3. HP: 30/33 MP: 2/2
  2001 | D:2      | Reached XP level 4. HP: 36/40 MP: 3/3
  2087 | D:2      | Reached skill level 6 in Maces & Flails
  2090 | D:2      | Reached ** piety under Trog
  2143 | D:2      | Noticed Natasha
  2147 | D:2      | Killed Natasha
  2313 | D:2      | Found an opulent altar of Gozag.
  2473 | D:3      | Noticed gmonis's ghost (amateur MiBe)
  2487 | D:3      | Killed gmonis's ghost
  2487 | D:3      | Reached skill level 7 in Maces & Flails
  2487 | D:3      | Reached XP level 5. HP: 29/46 MP: 4/4
  2493 | D:3      | Reached XP level 6. HP: 27/52 MP: 5/5
  2753 | D:3      | Reached skill level 8 in Maces & Flails
  3878 | D:4      | Got a pair of distressingly furry gloves
  3884 | D:4      | Identified the +0 pair of gloves of Darkness {rElec} (You found it on level 4 of the Dungeon)
  3900 | D:4      | Reached skill level 9 in Maces & Flails
  3939 | D:4      | Found a hide-covered altar of Uskayaw.
  3942 | D:4      | Found a hazy altar of Hepliaklqana.
  3942 | D:4      | Found a white marble altar of Elyvilon.
  3942 | D:4      | Found a blossoming altar of Fedhas.
  4094 | D:4      | Reached XP level 7. HP: 54/58 MP: 6/6
  4128 | D:4      | Found a glowing silver altar of Zin.
  4153 | D:4      | Reached *** piety under Trog
  4291 | D:4      | Reached skill level 10 in Maces & Flails
  4646 | D:4      | Found a radiant altar of Vehumet.
  4805 | D:5      | Entered Level 5 of the Dungeon
  4854 | D:5      | Noticed gmonis's ghost (amateur MiBe)
  4867 | D:5      | Killed gmonis's ghost
  4867 | D:5      | Reached skill level 11 in Maces & Flails
  4867 | D:5      | Reached XP level 8. HP: 66/66 MP: 7/7
  5165 | D:5      | Found a deep blue altar of Sif Muna.
  5165 | D:5      | Found a sacrificial altar of Ru.
  5166 | D:5      | Found a glowing golden altar of the Shining One.
  5171 | D:5      | Found an ornate altar of the Wu Jian Council.
  5172 | D:5      | Found a basalt altar of Yredelemnul.
  5173 | D:5      | Found a shattered altar of Ashenzari.
  5357 | D:5      | Found Qaytopryi's Weapon Boutique.
  5523 | D:6      | Reached skill level 12 in Maces & Flails
  5730 | D:6      | Reached **** piety under Trog
  6005 | D:6      | Found Vehuipn's Weapon Shoppe.
  6218 | D:6      | Reached skill level 13 in Maces & Flails
  6637 | D:7      | Noticed a hippogriff
  6646 | D:7      | Killed a hippogriff
  6646 | D:7      | Reached XP level 9. HP: 46/71 MP: 8/8
  6732 | D:7      | Found a staircase to the Ecumenical Temple.
  7022 | D:7      | Found an iron altar of Okawaru.
  7030 | D:7      | Reached skill level 14 in Maces & Flails
  7515 | Temple   | Entered the Ecumenical Temple
  7724 | D:8      | Noticed a two-headed ogre
  7732 | D:8      | Noticed Pikel
  7740 | D:7      | Mangled by an ice beast

Vault maps used:
D:1:      dpeg_arrival_tiny_c, feat_on_display
D:2:      kennysheep_slug_shrine, minmay_misc_feat_room,
          corexii_leaking_fountain, nrook_uturn, grunt_gozag_breadcrumbs,
          uniq_natasha
D:3:      serial_bayou_pond_b, lexackson_kobold_supper
D:4:      nicolae_overflow_crystal_walls, grunt_temple_overflow_open,
          fiery_altar_vehumet
D:5:      minitemple, first_ration, serial_shops, shop
D:6:      serial_shops, nicolae_shop_trees
D:7:      minmay_temple_entry_large_hall, okawaru_altar_gauntlet_db
D:8:      cheibrodos_fertilizer, basic_altar, hangedman_pestilent_swarm,
          uniq_pikel, uniq_erica
Temple:   jpeg_temple_island

Skill      XL: |  1  2  3  4  5  6  7  8  9 |
---------------+----------------------------+-----
Maces & Flails | 4 5 7 9 11 13 14 | 14.0
Fighting       | 4 |  4.0
Armour         | |  2.8
Dodging        | |  2.3

Action                   |  1- 3 |  4- 6 |  7- 9 || total
-------------------------+-------+-------+-------++-------
Melee: Mace              |    77 |   147 |   259 ||   483
       Headbutt          |     7 |    16 |    45 ||    68
Invok: Berserk           |       |     1 |     2 ||     3
       Trog's Hand       |       |       |     1 ||     1
  Eat: Chunk             |     3 |     8 |    13 ||    24
       Ration            |       |       |     1 ||     1
Armor: Animal skin       |    15 |    13 |       ||    28
       Plate armour      |       |    44 |   177 ||   221
Dodge: Dodged            |    51 |    85 |    85 ||   221

Table legend:
 A = Spawn XP
 B = Non-spawn XP
 C = Spawn XP percentage of total XP
 D = Spawn monster count
 E = Non-spawn monster count
 F = Spawn count percentage of total count
 G = Total turns spent on level
                    A         B        C        D         E        F      G
               +---------+---------+-------+---------+---------+-------+---------
         Total |       0 |    3114 |   0.0 |       0 |     158 |   0.0 |  7740
               +---------+---------+-------+---------+---------+-------+---------
           D:1 |       0 |      19 |   0.0 |       0 |      11 |   0.0 |   867
           D:2 |       0 |     144 |   0.0 |       0 |      25 |   0.0 |  1581
           D:3 |       0 |     337 |   0.0 |       0 |      39 |   0.0 |  1277
           D:4 |       0 |     634 |   0.0 |       0 |      35 |   0.0 |  1080
           D:5 |       0 |     454 |   0.0 |       0 |      12 |   0.0 |   649
           D:6 |       0 |     724 |   0.0 |       0 |      20 |   0.0 |   983
           D:7 |       0 |     761 |   0.0 |       0 |      15 |   0.0 |  1116
           D:8 |       0 |      41 |   0.0 |       0 |       1 |   0.0 |    13
               +---------+---------+-------+---------+---------+-------+---------
